 Dungeon Crawl Stone Soup version 0.31-a0-216-g22e908daa7 (webtiles) character file.

Game seed: 7951792451212699683

43549 qw the Severer (level 14, 0/92 HPs)
             Began as a Gargoyle Fighter on July 2, 2023.
             Was a High Priest of Okawaru.
             Slain by a small abomination (6 damage)
             ... on level 5 of the Lair of Beasts.
             The game lasted 00:18:09 (19739 turns).

qw the Severer (Gargoyle Fighter)                  Turns: 19739, Time: 00:18:09

Health: 0/92       AC: 10    Str: 24    XL:     14   Next: 24%
Magic:  19/21      EV: 19    Int: 10    God:    Okawaru [*****.]
Gold:   786        SH:  6    Dex:  9    Spells: 13/13 levels left

rFire   . . .        o - +2 war axe (spect)
rCold   + . .        c - +0 buckler
rNeg    + . .        (no body armour)
rPois   inf          (helmet restricted)
rElec   +            (no cloak)
rCorr   .            (no gloves)
SInv    .            (no boots)
Will    +....        (no amulet)
Stlth   +++          k - +5 ring of evasion
HPRegen 0.35/turn    C - ring of protection from cold
MPRegen 0.17/turn

%: no passive effects
@: about to teleport, heroic, flying
A: sickness immunity, AC +10, big wings, negative energy resistance 1,
electricity resistance, torment resistance 1, petrification resistance, horns 1
a: Renounce Religion, Heroism, Finesse, Duel


You were on level 5 of the Lair of Beasts.
You worshipped Okawaru.
Okawaru was extremely pleased with you.
You visited 3 branches of the dungeon, and saw 14 of its levels.

You collected 968 gold pieces.
You spent 182 gold pieces at shops.


Innate Abilities, Weirdness & Mutations

You are immune to sickness and miasma.
Your stone body is resilient. (AC +10)
You are immune to poison.
Your large and strong wings let you fly.
You resist negative energy. (rN+)
You are resistant to electric shocks. (rElec)
You are resistant to unholy torment.
You are immune to petrification.
You have a pair of small horns on your head.


   Skills:
 - Level 12.0(17.0) Fighting
 + Level 15.3(20.3) Axes
 - Level 5.7(10.7) Throwing
 - Level 8.0(13.0) Armour
 - Level 3.0(8.0) Dodging
 - Level 7.3(12.3) Shields
 - Level 10.0 Invocations


You had 13 spell levels left.
You didn't know any spells.
Your spell library was empty.

Inventory:

Hand Weapons
 j - a +0 eveningstar
 o - a +2 spectral war axe (weapon)
 u - a +4 war axe of freezing
Missiles
 q - 6 boomerangs
 H - a javelin
Armour
 b - a scarf of resistance
 c - a +0 buckler (worn)
 e - the +1 pair of boots of Spite {rPois}
   (You acquired it on level 2 of the Dungeon)

   rPois:     It protects you from poison.
 p - the +1 pair of gloves of Duty {+Blink rF+ rC-}
   (You found it on level 5 of the Dungeon)

   rF:        It protects you from fire.
   rC:        It makes you vulnerable to cold.
   +Blink:    It lets you blink.
 s - +0 acid dragon scales
 t - a +0 plate armour
 v - a +1 pair of boots
 y - the +0 pair of gloves "Yremibocw" {Regen+ Int+3}
   (You acquired it on level 2 of the Lair of Beasts)

   Int:       It affects your intelligence (+3).
   Regen:     It increases your rate of health regeneration.
 z - a +0 cloak
 E - +0 pearl dragon scales
 I - a +2 pair of gloves
Jewellery
 k - a +5 ring of evasion (left hand)
 w - a ring of resist corrosion
 A - a ring of fire
 C - a ring of protection from cold (right hand)
 F - a ring of resist corrosion
Scrolls
 a - a scroll of teleportation
 g - 8 scrolls of identify
 G - a scroll of brand weapon
Potions
 d - 3 potions of might
 f - 2 potions of enlightenment
 h - 2 potions of magic
 i - 3 potions of cancellation
 l - a potion of heal wounds
 m - 3 potions of curing
 n - 2 potions of lignification
 r - 4 potions of mutation
 B - a potion of resistance
 D - a potion of attraction

Dungeon Overview and Level Annotations

Branches:
Dungeon (8/15)             Temple (1/1) D:7            Lair (5/5) D:8
 Shoals (0/4) Lair:2       Spider (0/4) Lair:3        Slime (0/5) Lair:5

Altars:
Ashenzari
Cheibriados
Dithmenos
Elyvilon
Fedhas
Gozag
Kikubaaqudgha
Makhleb
Nemelex Xobeh
Okawaru
Qazlal
Ru
Sif Muna
Trog
Uskayaw
Vehumet
Wu Jian
Xom
Yredelemnul
Zin
The Shining One
Jiyva

Shops:
D:4 ?

Annotations:
D:6 1 runed translucent door, Crazy Yiuf
Lair:2 3 runed translucent doors, qw's ghost, journeyman NaHu
Lair:3 exclusion: 4 orb spiders


Message History

Okawaru accepts your kill.
Your +2 spectral war axe barely misses the blink frog.
The blink frog closely misses you.
You closely miss the blink frog. Your headbutt misses the blink frog.
The blink frog is moderately wounded.
Your +2 spectral war axe closely misses the blink frog.
The smoke demon gestures at you. Something smites you!
A cane toad comes into view.
The blink frog hits you!
19736 ||| INVOKING Heroism.
You gain the combat prowess of a mighty hero.
Your +2 spectral war axe disappears.
The blink frog barely misses you.
You barely miss the blink frog.
The blink frog is lightly wounded.
You barely miss the small abomination. You slice the yak!!
Your +2 spectral war axe barely misses the blink frog.
Your +2 spectral war axe hits the yak! x2
You kill the yak!
Okawaru accepts your kill.
Your +2 spectral war axe hits the blink frog!
Your +2 spectral war axe hits the small abomination!
The blink frog misses you. The small abomination hits you!!
You closely miss the blink frog. Your headbutt misses the blink frog.
The blink frog is heavily wounded.
You hit the small abomination.
Your +2 spectral war axe hits the blink frog!!
You kill the blink frog!
Okawaru accepts your kill.
Your +2 spectral war axe hits the small abomination.
The small abomination hits you! The smoke demon gestures at you.
Something smites you!
19739 ||| READING 2 scrolls of teleportation.
As you read the scroll of teleportation, it crumbles to dust.
You feel strangely unstable.
Your +2 spectral war axe disappears.
The small abomination hits you.
You die... 7...7777777.%.7 77777 77777..77 7.....77 .. 7......77777777 .7 77..77........777 .. 7...7777.......7 .. 7...777...77..77 77. 7.7777...777...777 7.. 777

7@$.77
7.%...777..
7Yx%.77
777.....7..
7YYY7..7
77......7
7..Fx77...
77777%.7 ..3.7
777...7777
77...7 ..77
7.......77...77
. ...%.......77
..........77
7.7777..77


You could see 4 yaks, a cane toad, a smoke demon and 2 small abominations.

Vanquished Creatures
  4 hydras
  A two-headed ogre (D:8)
  A skyshark (Lair:5)
  A lindwurm (Lair:2)
  A large abomination (Lair:5)
  5 black mambas
  A merfolk siren (Lair:2)
  20 elephants
  A smoke demon (Lair:5)
  Joseph (Lair:1)
  19 cane toads
  5 rime drakes
  9 komodo dragons
  An ancient zyme (Lair:5)
  3 polar bears
  21 blink frogs
  7 spriggans (Lair:1)
  5 wyverns
  A ynoxinul (Lair:5)
  Sigmund (D:3)
  37 yaks
  3 fire bats (Lair:4)
  A yak (shapeshifter) (Lair:5)
  5 basilisks
  Edmund (D:6)
  An acid dragon (D:8)
  21 water moccasins
  Duvessa (D:6)
  An orc warrior (D:7)
  An ice beast (D:6)
  5 black bears
  3 ogres
  A centaur (D:7)
  4 wolves (Lair:5)
  2 kobold brigands
  A gnoll sergeant (D:7)
  Blork the orc (D:6)
  5 scorpions
  14 bullfrogs
  13 wights
  Dowan (D:6)
  11 killer bees
  An electric eel (Lair:2)
  3 jellies (Lair:5)
  An iron imp (D:6)
  2 orc priests (D:6)
  4 hounds
  5 iguanas
  5 orc wizards
  4 small abominations (Lair:5)
  11 gnolls
  8 adders
  A shadow imp (D:8)
  2 white imps
  An ufetubus (D:5)
  2 worms (D:2)
  3 dart slugs
  22 orcs
  5 ball pythons
  14 endoplasms
  3 giant cockroaches
  7 goblins
  6 hobgoblins
  13 kobolds
  5 quokkas
  7 bats
  4 frilled lizards
  A goblin skeleton (D:6)
  3 hobgoblin zombies (D:6)
  4 kobold skeletons (D:6)
  3 kobold zombies (D:6)
  3 orc skeletons (D:6)
  7 rats
401 creatures vanquished.

Vanquished Creatures (others)
  5 spectral weapons
5 creatures vanquished.

Grand Total: 406 creatures vanquished

Notes
Turn   | Place    | Note
-------+----------+-------------------------------------------
     0 | D:1      | qw the Gargoyle Fighter began the quest for the Orb.
     0 | D:1      | Reached XP level 1. HP: 14/14 MP: 1/1
     0 | D:1      | 0 ||| qw: Version: 0.3-a-39-g4513739
     0 | D:1      | 0 ||| qw: Game counter: 7912
     0 | D:1      | 0 ||| qw: Melee chars always use a shield: true
     0 | D:1      | 0 ||| qw: God list: Okawaru
     0 | D:1      | 0 ||| qw: Allow faded altars: false
     0 | D:1      | 0 ||| qw: Do Orc after clearing Dungeon:15 true
     0 | D:1      | 0 ||| qw: Do second Lair branch before Depths: true
     0 | D:1      | 0 ||| qw: Lair rune preference: random
     0 | D:1      | 0 ||| qw: Goals: Normal, Zot:1-4, Slime:5, God:TSO, Crypt,
                  | Tomb, Abyss, Pan, Hells, Win
     0 | D:1      | 0 ||| PLANNING D:1-11
    39 | D:1      | Reached skill level 2 in Axes
   100 | D:1      | Found a faded altar of an unknown god.
   144 | D:1      | Reached XP level 2. HP: 19/19 MP: 2/2
   147 | D:1      | 147 ||| DROPPING +0 whip.
   498 | D:1      | Reached skill level 3 in Axes
   574 | D:1      | Reached XP level 3. HP: 23/23 MP: 3/3
   608 | D:1      | 608 ||| UPGRADING to +5 ring of evasion.
   609 | D:1      | 609 ||| READING 3 scrolls labelled ROTREXK ZAIR.
   614 | D:1      | 614 ||| READING 3 scrolls labelled SAENAVVIRA.
   615 | D:1      | 615 ||| READING 2 scrolls of identify.
   615 | D:1      | 615 ||| IDENTIFYING fizzy yellow potion
   638 | D:2      | 638 ||| Stepping ~*~*~tactically~*~*~ (stealth).
   823 | D:2      | 823 ||| Stepping ~*~*~tactically~*~*~ (stealth).
   868 | D:2      | Reached skill level 1 in Throwing
  1264 | D:2      | Reached XP level 4. HP: 28/28 MP: 4/4
  1365 | D:2      | 1365 ||| READING scroll labelled IZXACL BYFOF.
  1366 | D:2      | 1366 ||| READING scroll labelled TIODOMM MUMECW.
  1367 | D:2      | 1367 ||| READING scroll labelled EKAEMA IVVO.
  1368 | D:2      | 1368 ||| READING scroll labelled SIQAHU VELUI.
  1369 | D:2      | 1369 ||| READING scroll labelled NOEWKI GIMPIMOE.
  1370 | D:2      | 1370 ||| READING scroll labelled HIESAEDOEXT.
  1371 | D:2      | 1371 ||| READING scroll labelled QEANLEANEMP.
  1499 | D:3      | Noticed Sigmund
  1512 | D:3      | Killed Sigmund
  1513 | D:3      | Reached skill level 5 in Axes
  1513 | D:3      | Reached XP level 5. HP: 17/32 MP: 5/5
  1586 | D:3      | Reached XP level 6. HP: 37/37 MP: 6/6
  1600 | D:3      | HP: 7/38 [gnoll/+0 spear (6)]
  1601 | D:3      | 1601 ||| READING 2 scrolls of teleportation.
  1605 | D:3      | 1605 ||| FLEEEEING.
  1606 | D:3      | 1606 ||| FLEEEEING.
  1607 | D:3      | 1607 ||| STAIRDANCE
  1718 | D:2      | 1718 ||| READING scroll labelled SIOKUQUHOPN.
  1718 | D:2      | Identified a scroll of acquirement
  1718 | D:2      | 1718 ||| ACQUIRING +1 pair of boots of Spite {rPois}
  1718 | D:2      | Acquired the +1 pair of boots of Spite {rPois}
  1724 | D:3      | 1724 ||| Stepping ~*~*~tactically~*~*~ (hiding).
  1796 | D:3      | 1796 ||| DROPPING +0 mace.
  1832 | D:3      | 1832 ||| Stepping ~*~*~tactically~*~*~ (hiding).
  2000 | D:3      | 2000 ||| READING scroll of brand weapon.
  2000 | D:3      | 2000 ||| BRANDING +1 war axe of venom.
  2298 | D:3      | 2298 ||| READING 2 scrolls of identify.
  2298 | D:3      | 2298 ||| IDENTIFYING green potion
  2321 | D:4      | Reached skill level 1 in Dodging
  2322 | D:4      | 2322 ||| FLEEEEING.
  2323 | D:4      | 2323 ||| STAIRDANCE
  2622 | D:4      | Found a bloodstained altar of Trog.
  2727 | D:4      | 2727 ||| Stepping ~*~*~tactically~*~*~ (hiding).
  3094 | D:4      | Found Xomoicro's Magic Scroll Shop.
  3097 | D:4      | 3097 ||| SHOPLISTING scroll of acquirement (676 gold, have
                  | 239).
  3097 | D:4      | 3097 ||| BUYING scroll of identify (26 gold).
  3097 | D:4      | Bought a scroll of identify for 26 gold pieces
  3097 | D:4      | 3097 ||| BUYING scroll of identify (26 gold).
  3097 | D:4      | Bought a scroll of identify for 26 gold pieces
  3097 | D:4      | 3097 ||| BUYING scroll of identify (26 gold).
  3097 | D:4      | Bought a scroll of identify for 26 gold pieces
  3097 | D:4      | 3097 ||| BUYING scroll of identify (26 gold).
  3097 | D:4      | Bought a scroll of identify for 26 gold pieces
  3097 | D:4      | 3097 ||| BUYING scroll of teleportation (39 gold).
  3097 | D:4      | Bought a scroll of teleportation for 39 gold pieces
  3097 | D:4      | 3097 ||| BUYING scroll of teleportation (39 gold).
  3097 | D:4      | Bought a scroll of teleportation for 39 gold pieces
  3097 | D:4      | 3097 ||| DROPPING +6 ring of intelligence.
  3098 | D:4      | 3098 ||| DRINKING 2 fizzy sapphire potions.
  3099 | D:4      | 3099 ||| READING 8 scrolls of identify.
  3099 | D:4      | 3099 ||| IDENTIFYING viscous green potion
  3100 | D:4      | 3100 ||| READING 7 scrolls of identify.
  3100 | D:4      | 3100 ||| IDENTIFYING smoky puce potion
  3101 | D:4      | 3101 ||| READING 6 scrolls of identify.
  3101 | D:4      | 3101 ||| IDENTIFYING bubbling white potion
  3102 | D:4      | 3102 ||| READING 5 scrolls of identify.
  3102 | D:4      | 3102 ||| IDENTIFYING purple potion
  3103 | D:4      | 3103 ||| READING 4 scrolls of identify.
  3103 | D:4      | 3103 ||| IDENTIFYING brown potion
  3104 | D:4      | 3104 ||| DROPPING potion of brilliance.
  3105 | D:4      | 3105 ||| DROPPING potion of degeneration.
  3154 | D:5      | Entered Level 5 of the Dungeon
  3159 | D:5      | 3159 ||| Stepping ~*~*~tactically~*~*~ (hiding).
  3192 | D:5      | Found an opulent altar of Gozag.
  3236 | D:5      | Reached skill level 6 in Axes
  3236 | D:5      | Reached XP level 7. HP: 43/43 MP: 7/7
  3251 | D:5      | 3251 ||| UPGRADING to ring of resist corrosion.
  3253 | D:5      | 3253 ||| FLEEEEING.
  3255 | D:5      | 3255 ||| FLEEEEING.
  3256 | D:5      | 3256 ||| FLEEEEING.
  3258 | D:5      | 3258 ||| FLEEEEING.
  3259 | D:5      | 3259 ||| FLEEEEING.
  3260 | D:5      | 3260 ||| FLEEEEING.
  3261 | D:5      | 3261 ||| FLEEEEING.
  3262 | D:5      | 3262 ||| FLEEEEING.
  3263 | D:5      | 3263 ||| FLEEEEING.
  3264 | D:5      | 3264 ||| FLEEEEING.
  3265 | D:5      | 3265 ||| FLEEEEING.
  3266 | D:5      | 3266 ||| FLEEEEING.
  3267 | D:5      | 3267 ||| FLEEEEING.
  3268 | D:5      | 3268 ||| FLEEEEING.
  3269 | D:5      | 3269 ||| FLEEEEING.
  3270 | D:5      | 3270 ||| FLEEEEING.
  3271 | D:5      | 3271 ||| FLEEEEING.
  3272 | D:5      | 3272 ||| FLEEEEING.
  3274 | D:5      | 3274 ||| FLEEEEING.
  3275 | D:5      | 3275 ||| FLEEEEING.
  3276 | D:5      | 3276 ||| STAIRDANCE
  3280 | D:5      | 3280 ||| STAIRDANCE
  3282 | D:4      | HP: 10/43 [wight/+5 short sword of freezing (8)]
  3283 | D:4      | 3283 ||| READING 3 scrolls of teleportation.
  3284 | D:4      | 3284 ||| DRINKING potion of heal wounds.
  3359 | D:5      | 3359 ||| STAIRDANCE
  3363 | D:5      | 3363 ||| STAIRDANCE
  3367 | D:5      | 3367 ||| STAIRDANCE
  3371 | D:5      | 3371 ||| STAIRDANCE
  3375 | D:5      | 3375 ||| STAIRDANCE
  3379 | D:5      | 3379 ||| STAIRDANCE
  3383 | D:5      | 3383 ||| STAIRDANCE
  3387 | D:5      | 3387 ||| STAIRDANCE
  3391 | D:5      | 3391 ||| STAIRDANCE
  3395 | D:5      | 3395 ||| STAIRDANCE
  3399 | D:5      | 3399 ||| STAIRDANCE
  3403 | D:5      | 3403 ||| STAIRDANCE
  3407 | D:5      | 3407 ||| STAIRDANCE
  3411 | D:5      | 3411 ||| STAIRDANCE
  3415 | D:5      | 3415 ||| STAIRDANCE
  3419 | D:5      | 3419 ||| STAIRDANCE
  3423 | D:5      | 3423 ||| STAIRDANCE
  3427 | D:5      | 3427 ||| STAIRDANCE
  3453 | D:5      | 3453 ||| FLEEEEING.
  3454 | D:5      | 3454 ||| FLEEEEING.
  3460 | D:5      | 3460 ||| FLEEEEING.
  3461 | D:5      | 3461 ||| FLEEEEING.
  3462 | D:5      | 3462 ||| FLEEEEING.
  3463 | D:5      | 3463 ||| FLEEEEING.
  3465 | D:5      | 3465 ||| FLEEEEING.
  3469 | D:5      | 3469 ||| FLEEEEING.
  3470 | D:5      | 3470 ||| FLEEEEING.
  3471 | D:5      | 3471 ||| FLEEEEING.
  3473 | D:5      | 3473 ||| FLEEEEING.
  3474 | D:5      | 3474 ||| FLEEEEING.
  3496 | D:5      | 3496 ||| FLEEEEING.
  3497 | D:5      | 3497 ||| FLEEEEING.
  3498 | D:5      | 3498 ||| FLEEEEING.
  3499 | D:5      | 3499 ||| FLEEEEING.
  3501 | D:5      | 3501 ||| FLEEEEING.
  3502 | D:5      | 3502 ||| FLEEEEING.
  3508 | D:5      | Reached skill level 7 in Axes
  3508 | D:5      | 3508 ||| DROPPING +0 flail.
  3533 | D:5      | 3533 ||| FLEEEEING.
  3572 | D:5      | 3572 ||| Stepping ~*~*~tactically~*~*~ (stealth).
  3584 | D:5      | Reached XP level 8. HP: 44/49 MP: 8/8
  3834 | D:5      | 3834 ||| READING scroll labelled WUNLOGI QUWECS.
  3979 | D:5      | Reached skill level 8 in Axes
  4106 | D:5      | Identified the +1 pair of gloves of Duty {+Blink rF+ rC-}
  4160 | D:6      | Found a shadowy altar of Dithmenos.
  4254 | D:6      | Found a glowing golden altar of the Shining One.
  4255 | D:6      | 4255 ||| Stepping ~*~*~tactically~*~*~ (stealth).
  4256 | D:6      | 4256 ||| Stepping ~*~*~tactically~*~*~ (hiding).
  4268 | D:6      | 4268 ||| DRINKING potion of curing.
  4268 | D:6      | 4268 ||| (to cure confusion)
  4276 | D:6      | Reached skill level 6 in Fighting
  4283 | D:6      | 4283 ||| FLEEEEING.
  4286 | D:6      | 4286 ||| Stepping ~*~*~tactically~*~*~ (stealth).
  4287 | D:6      | 4287 ||| FLEEEEING.
  4288 | D:6      | 4288 ||| Stepping ~*~*~tactically~*~*~ (stealth).
  4289 | D:6      | 4289 ||| FLEEEEING.
  4351 | D:6      | 4351 ||| Stepping ~*~*~tactically~*~*~ (stealth).
  4363 | D:6      | 4363 ||| Stepping ~*~*~tactically~*~*~ (stealth).
  4364 | D:6      | 4364 ||| Stepping ~*~*~tactically~*~*~ (stealth).
  4365 | D:6      | 4365 ||| Stepping ~*~*~tactically~*~*~ (stealth).
  4370 | D:6      | 4370 ||| Stepping ~*~*~tactically~*~*~ (stealth).
  4390 | D:6      | 4390 ||| Stepping ~*~*~tactically~*~*~ (hiding).
  4393 | D:6      | 4393 ||| Stepping ~*~*~tactically~*~*~ (hiding).
  4402 | D:6      | 4402 ||| Stepping ~*~*~tactically~*~*~ (stealth).
  4405 | D:6      | Noticed Blork the orc
  4407 | D:6      | Reached skill level 9 in Axes
  4407 | D:6      | Reached XP level 9. HP: 53/56 MP: 9/9
  4407 | D:6      | 4407 ||| Stepping ~*~*~tactically~*~*~ (hiding).
  4411 | D:6      | Killed Blork the orc
  4417 | D:6      | 4417 ||| Stepping ~*~*~tactically~*~*~ (hiding).
  4418 | D:6      | 4418 ||| Stepping ~*~*~tactically~*~*~ (hiding).
  4530 | D:6      | 4530 ||| Stepping ~*~*~tactically~*~*~ (hiding).
  4705 | D:6      | Noticed Duvessa
  4707 | D:6      | Noticed Dowan
  4727 | D:6      | HP: 11/57 [Duvessa/+0 short sword (5)]
  4728 | D:6      | 4728 ||| READING 3 scrolls of teleportation.
  4730 | D:6      | Killed Dowan
  4730 | D:6      | HP: 5/57 [Duvessa/+0 short sword (4)]
  5072 | D:6      | 5072 ||| Stepping ~*~*~tactically~*~*~ (hiding).
  5084 | D:6      | Killed Duvessa
  5372 | D:6      | Noticed Edmund
  5384 | D:6      | Killed Edmund
  5385 | D:6      | Reached skill level 10 in Axes
  5625 | D:6      | Found a runed translucent door.
  5626 | D:6      | Noticed Crazy Yiuf
  5830 | D:6      | 5830 ||| UPGRADING to +0 chain mail.
  5840 | D:6      | 5840 ||| DROPPING +0 scale mail.
  5841 | D:6      | 5841 ||| DROPPING ring of wizardry.
  5842 | D:6      | 5842 ||| READING scroll labelled KIWEVV WUIZIM.
  5843 | D:6      | 5843 ||| READING scroll labelled ORCHIT YWKOWE.
  5844 | D:6      | 5844 ||| DRINKING 2 fizzy grey potions.
  5844 | D:6      | Gained mutation: You have a pair of small horns on your
                  | head. [potion of mutation]
  5899 | D:7      | 5899 ||| Stepping ~*~*~tactically~*~*~ (stealth).
  5900 | D:7      | 5900 ||| Stepping ~*~*~tactically~*~*~ (stealth).
  5901 | D:7      | 5901 ||| Stepping ~*~*~tactically~*~*~ (stealth).
  5916 | D:7      | Found a staircase to the Ecumenical Temple.
  5917 | D:7      | 5917 ||| PLANNING TEMPLE
  5922 | Temple   | Entered the Ecumenical Temple
  5927 | Temple   | 5927 ||| PLANNING OKAWARU WORSHIP
  6005 | Temple   | Became a worshipper of Warmaster Okawaru
  6006 | Temple   | 6006 ||| PLANNING D:1-11
  6132 | D:7      | 6132 ||| Stepping ~*~*~tactically~*~*~ (hiding).
  6149 | D:7      | 6149 ||| FLEEEEING.
  6150 | D:7      | 6150 ||| FLEEEEING.
  6151 | D:7      | 6151 ||| FLEEEEING.
  6152 | D:7      | 6152 ||| FLEEEEING.
  6153 | D:7      | 6153 ||| STAIRDANCE
  6438 | D:7      | 6438 ||| Stepping ~*~*~tactically~*~*~ (stealth).
  6439 | D:7      | 6439 ||| Stepping ~*~*~tactically~*~*~ (stealth).
  6574 | D:7      | Found an ancient bone altar of Kikubaaqudgha.
  6577 | D:7      | Found a blossoming altar of Fedhas.
  6704 | D:7      | 6704 ||| Stepping ~*~*~tactically~*~*~ (hiding).
  6998 | D:7      | 6998 ||| UPGRADING to +0 plate armour.
  7008 | D:7      | 7008 ||| DROPPING +0 chain mail.
  7009 | D:7      | 7009 ||| DRINKING 2 inky potions.
  7113 | D:7      | 7113 ||| DROPPING potion of berserk rage.
  7151 | D:8      | 7151 ||| READING scroll of enchant weapon.
  7151 | D:8      | 7151 ||| ENCHANTING +1 spectral war axe.
  7185 | D:8      | 7185 ||| Stepping ~*~*~tactically~*~*~ (hiding).
  7227 | D:8      | 7227 ||| Stepping ~*~*~tactically~*~*~ (stealth).
  7355 | D:8      | 7355 ||| Stepping ~*~*~tactically~*~*~ (hiding).
  7386 | D:8      | Reached * piety under Okawaru
  7387 | D:8      | Reached XP level 10. HP: 62/64 MP: 10/10
  7404 | D:8      | 7404 ||| DROPPING +3 war axe.
  7459 | D:8      | Reached skill level 1 in Invocations
  7487 | D:8      | Reached skill level 6 in Armour
  7494 | D:8      | 7494 ||| INVOKING Heroism.
  7494 | D:8      | Noticed a two-headed ogre
  7496 | D:8      | Reached skill level 3 in Invocations
  7503 | D:8      | Killed a two-headed ogre
  7503 | D:8      | Reached ** piety under Okawaru
  7569 | D:8      | Found a staircase to the Lair.
  7593 | D:8      | Found a burning altar of Makhleb.
  7969 | D:8      | 7969 ||| PLANNING LAIR
  7969 | D:8      | 7969 ||| READING scroll labelled TUAMEG KINUVA.
  8022 | Lair:1   | Entered Level 1 of the Lair of Beasts
  8022 | Lair:1   | Noticed a black mamba
  8023 | Lair:1   | 8023 ||| INVOKING Heroism.
  8029 | Lair:1   | Killed a black mamba
  8030 | Lair:1   | Reached skill level 3 in Throwing
  8109 | Lair:1   | Noticed a cane toad
  8110 | Lair:1   | 8110 ||| INVOKING Heroism.
  8114 | Lair:1   | Killed a cane toad
  8152 | Lair:1   | Reached skill level 11 in Axes
  8174 | Lair:1   | Noticed a cane toad
  8175 | Lair:1   | 8175 ||| Stepping ~*~*~tactically~*~*~ (stealth).
  8177 | Lair:1   | 8177 ||| INVOKING Heroism.
  8182 | Lair:1   | Killed a cane toad
  8187 | Lair:1   | Reached skill level 9 in Fighting
  8255 | Lair:1   | Reached XP level 11. HP: 71/71 MP: 14/14
  8296 | Lair:1   | Noticed Joseph
  8297 | Lair:1   | 8297 ||| Stepping ~*~*~tactically~*~*~ (hiding).
  8306 | Lair:1   | Killed Joseph
  8400 | Lair:1   | Reached *** piety under Okawaru
  8431 | Lair:1   | 8431 ||| INVOKING Heroism.
  8489 | Lair:1   | 8489 ||| INVOKING Heroism.
  8494 | Lair:1   | 8494 ||| Stepping ~*~*~tactically~*~*~ (hiding).
  8521 | Lair:1   | 8521 ||| Stepping ~*~*~tactically~*~*~ (stealth).
  8656 | Lair:1   | 8656 ||| Stepping ~*~*~tactically~*~*~ (stealth).
  8657 | Lair:1   | 8657 ||| INVOKING Heroism.
  8725 | Lair:1   | 8725 ||| INVOKING Heroism.
  8737 | Lair:1   | Reached skill level 12 in Axes
  8751 | Lair:1   | 8751 ||| INVOKING Heroism.
  8843 | Lair:1   | 8843 ||| INVOKING Heroism.
  8854 | Lair:1   | Reached skill level 6 in Shields
  8967 | Lair:1   | 8967 ||| Stepping ~*~*~tactically~*~*~ (hiding).
  8970 | Lair:1   | Reached **** piety under Okawaru
  9220 | Lair:1   | 9220 ||| INVOKING Heroism.
  9382 | Lair:1   | 9382 ||| READING scroll labelled DUHIGU ULIUNGA.
  9479 | Lair:2   | 9479 ||| STAIRDANCE
  9555 | Lair:2   | 9555 ||| READING scroll of acquirement.
  9555 | Lair:2   | 9555 ||| ACQUIRING +0 pair of gloves "Yremibocw" {Regen+
                  | Int+3}
  9555 | Lair:2   | Acquired the +0 pair of gloves "Yremibocw" {Regen+ Int+3}
  9586 | Lair:2   | 9586 ||| INVOKING Heroism.
  9592 | Lair:2   | Received a gift from Okawaru
  9620 | Lair:2   | 9620 ||| INVOKING Heroism.
  9741 | Lair:2   | 9741 ||| Stepping ~*~*~tactically~*~*~ (hiding).
  9743 | Lair:2   | 9743 ||| Stepping ~*~*~tactically~*~*~ (hiding).
  9744 | Lair:2   | 9744 ||| Stepping ~*~*~tactically~*~*~ (hiding).
  9750 | Lair:2   | Reached XP level 12. HP: 64/77 MP: 16/16
  9895 | Lair:2   | 9895 ||| Stepping ~*~*~tactically~*~*~ (stealth).
  9897 | Lair:2   | 9897 ||| Stepping ~*~*~tactically~*~*~ (stealth).
  9911 | Lair:2   | Reached skill level 6 in Invocations
  9927 | Lair:2   | 9927 ||| Stepping ~*~*~tactically~*~*~ (stealth).
  9928 | Lair:2   | 9928 ||| Stepping ~*~*~tactically~*~*~ (stealth).
  9929 | Lair:2   | 9929 ||| Stepping ~*~*~tactically~*~*~ (stealth).
  9930 | Lair:2   | 9930 ||| Stepping ~*~*~tactically~*~*~ (stealth).
  9931 | Lair:2   | 9931 ||| Stepping ~*~*~tactically~*~*~ (stealth).
  9954 | Lair:2   | Noticed a six-headed hydra
  9956 | Lair:2   | 9956 ||| INVOKING Heroism.
  9959 | Lair:2   | 9959 ||| SWAPPING to +0 morningstar.
  9962 | Lair:2   | Killed a six-headed hydra
  9963 | Lair:2   | 9963 ||| SWAPPING to +2 spectral war axe.
  9980 | Lair:2   | 9980 ||| Stepping ~*~*~tactically~*~*~ (stealth).
 10032 | Lair:2   | 10032 ||| Stepping ~*~*~tactically~*~*~ (stealth).
 10055 | Lair:2   | 10055 ||| FLEEEEING.
 10056 | Lair:2   | 10056 ||| FLEEEEING.
 10060 | Lair:2   | 10060 ||| FLEEEEING.
 10061 | Lair:2   | 10061 ||| FLEEEEING.
 10064 | Lair:2   | 10064 ||| FLEEEEING.
 10065 | Lair:2   | 10065 ||| FLEEEEING.
 10066 | Lair:2   | 10066 ||| FLEEEEING.
 10067 | Lair:2   | 10067 ||| FLEEEEING.
 10068 | Lair:2   | 10068 ||| FLEEEEING.
 10069 | Lair:2   | 10069 ||| FLEEEEING.
 10070 | Lair:2   | 10070 ||| FLEEEEING.
 10073 | Lair:2   | 10073 ||| FLEEEEING.
 10074 | Lair:2   | 10074 ||| FLEEEEING.
 10075 | Lair:2   | 10075 ||| FLEEEEING.
 10076 | Lair:2   | 10076 ||| FLEEEEING.
 10077 | Lair:2   | 10077 ||| FLEEEEING.
 10078 | Lair:2   | 10078 ||| FLEEEEING.
 10079 | Lair:2   | 10079 ||| FLEEEEING.
 10080 | Lair:2   | 10080 ||| FLEEEEING.
 10084 | Lair:2   | 10084 ||| FLEEEEING.
 10085 | Lair:2   | 10085 ||| FLEEEEING.
 10086 | Lair:2   | 10086 ||| FLEEEEING.
 10087 | Lair:2   | 10087 ||| FLEEEEING.
 10088 | Lair:2   | 10088 ||| FLEEEEING.
 10089 | Lair:2   | 10089 ||| FLEEEEING.
 10090 | Lair:2   | 10090 ||| INVOKING Heroism.
 10135 | Lair:2   | Reached skill level 13 in Axes
 10140 | Lair:2   | 10140 ||| INVOKING Heroism.
 10185 | Lair:2   | 10185 ||| Stepping ~*~*~tactically~*~*~ (stealth).
 10186 | Lair:2   | 10186 ||| FLEEEEING.
 10193 | Lair:2   | 10193 ||| STAIRDANCE
 10591 | Lair:2   | Found a runed translucent gate.
 10592 | Lair:2   | Found a runed translucent gate.
 10593 | Lair:2   | Found a runed translucent gate.
 10597 | Lair:2   | Noticed qw's ghost (journeyman NaHu)
 10688 | Lair:2   | Found a staircase to the Shoals.
 10758 | Lair:2   | Reached ***** piety under Okawaru
 11125 | Lair:2   | 11125 ||| READING scroll labelled UKECOIKONNOV.
 11152 | Lair:3   | 11152 ||| PLANNING GAUNTLET
 11159 | Lair:3   | 11159 ||| STAIRDANCE
 11296 | Lair:3   | 11296 ||| Stepping ~*~*~tactically~*~*~ (stealth).
 11308 | Lair:3   | 11308 ||| INVOKING Heroism.
 11454 | Lair:3   | 11454 ||| Stepping ~*~*~tactically~*~*~ (stealth).
 11638 | Lair:3   | Found a hole to the Spider Nest.
 11639 | Lair:3   | 11639 ||| INVOKING Finesse.
 11645 | Lair:3   | HP: 19/77 [disintegration (58)]
 11646 | Lair:3   | 11646 ||| READING 4 scrolls of teleportation.
 11647 | Lair:3   | 11647 ||| DRINKING potion of heal wounds.
 11648 | Lair:3   | Found a gate leading to a gauntlet.
 11649 | Lair:3   | 11649 ||| INVOKING Heroism.
 11806 | Lair:3   | 11806 ||| Stepping ~*~*~tactically~*~*~ (stealth).
 11813 | Lair:3   | 11813 ||| UPGRADING to +0 pearl dragon scales.
 11814 | Lair:3   | 11814 ||| UPGRADING to +0 pearl dragon scales.
 11816 | Lair:3   | 11816 ||| UPGRADING to +0 pearl dragon scales.
 11819 | Lair:3   | 11819 ||| UPGRADING to +0 pearl dragon scales.
 11820 | Lair:3   | HP: 13/77 [disintegration (30)]
 11821 | Lair:3   | 11821 ||| READING 3 scrolls of teleportation.
 11822 | Lair:3   | 11822 ||| UPGRADING to +0 pearl dragon scales.
 12021 | Lair:3   | 12021 ||| UPGRADING to ring of protection from cold.
 12023 | Lair:3   | 12023 ||| READING scroll labelled XOULLODEATIU.
 12024 | Lair:3   | 12024 ||| READING 9 scrolls of identify.
 12024 | Lair:3   | 12024 ||| IDENTIFYING dark potion
 12025 | Lair:3   | 12025 ||| READING 8 scrolls of identify.
 12025 | Lair:3   | 12025 ||| IDENTIFYING golden potion
 16151 | Lair:3   | 16151 ||| RIP GAUNTLET
 16151 | Lair:3   | 16151 ||| PLANNING LAIR
 16190 | Lair:3   | 16190 ||| Stepping ~*~*~tactically~*~*~ (stealth).
 16192 | Lair:3   | 16192 ||| Stepping ~*~*~tactically~*~*~ (stealth).
 16196 | Lair:3   | Reached skill level 9 in Invocations
 16534 | Lair:4   | 16534 ||| STAIRDANCE
 16537 | Lair:3   | 16537 ||| INVOKING Heroism.
 16661 | Lair:4   | 16661 ||| STAIRDANCE
 16666 | Lair:3   | Reached skill level 3 in Dodging
 16741 | Lair:4   | 16741 ||| INVOKING Heroism.
 16887 | Lair:4   | 16887 ||| INVOKING Heroism.
 16937 | Lair:4   | 16937 ||| Stepping ~*~*~tactically~*~*~ (stealth).
 16938 | Lair:4   | 16938 ||| Stepping ~*~*~tactically~*~*~ (stealth).
 17003 | Lair:4   | 17003 ||| DROPPING +0 morningstar.
 17033 | Lair:4   | Reached XP level 13. HP: 78/82 MP: 20/20
 17053 | Lair:4   | 17053 ||| Stepping ~*~*~tactically~*~*~ (stealth).
 17055 | Lair:4   | 17055 ||| Stepping ~*~*~tactically~*~*~ (stealth).
 17125 | Lair:4   | 17125 ||| Stepping ~*~*~tactically~*~*~ (stealth).
 17126 | Lair:4   | 17126 ||| Stepping ~*~*~tactically~*~*~ (stealth).
 17167 | Lair:4   | Reached skill level 14 in Axes
 17168 | Lair:4   | 17168 ||| INVOKING Heroism.
 17282 | Lair:4   | 17282 ||| INVOKING Heroism.
 17290 | Lair:4   | 17290 ||| SWAPPING to +0 eveningstar.
 17291 | Lair:4   | Received a gift from Okawaru
 17292 | Lair:4   | 17292 ||| SWAPPING to +2 spectral war axe.
 17541 | Lair:4   | 17541 ||| Stepping ~*~*~tactically~*~*~ (stealth).
 17544 | Lair:4   | 17544 ||| Stepping ~*~*~tactically~*~*~ (stealth).
 17583 | Lair:4   | 17583 ||| INVOKING Heroism.
 17722 | Lair:4   | 17722 ||| Stepping ~*~*~tactically~*~*~ (stealth).
 17724 | Lair:4   | 17724 ||| Stepping ~*~*~tactically~*~*~ (stealth).
 18043 | Lair:4   | 18043 ||| READING 9 scrolls of identify.
 18043 | Lair:4   | 18043 ||| IDENTIFYING fuming white potion
 18044 | Lair:4   | 18044 ||| DROPPING potion of ambrosia.
 18074 | Lair:5   | Entered Level 5 of the Lair of Beasts
 18075 | Lair:5   | 18075 ||| INVOKING Heroism.
 18077 | Lair:5   | Received a gift from Okawaru
 18097 | Lair:5   | 18097 ||| Stepping ~*~*~tactically~*~*~ (stealth).
 18099 | Lair:5   | 18099 ||| Stepping ~*~*~tactically~*~*~ (stealth).
 18164 | Lair:5   | 18164 ||| INVOKING Heroism.
 18186 | Lair:5   | 18186 ||| Stepping ~*~*~tactically~*~*~ (stealth).
 18208 | Lair:5   | 18208 ||| INVOKING Heroism.
 18209 | Lair:5   | 18209 ||| SWAPPING to +0 eveningstar.
 18210 | Lair:5   | 18210 ||| INVOKING Finesse.
 18216 | Lair:5   | 18216 ||| SWAPPING to +2 spectral war axe.
 18436 | Lair:5   | 18436 ||| INVOKING Heroism.
 18596 | Lair:5   | 18596 ||| INVOKING Heroism.
 18671 | Lair:5   | 18671 ||| Stepping ~*~*~tactically~*~*~ (stealth).
 18682 | Lair:5   | 18682 ||| INVOKING Heroism.
 18697 | Lair:5   | 18697 ||| Stepping ~*~*~tactically~*~*~ (stealth).
 18705 | Lair:5   | 18705 ||| Stepping ~*~*~tactically~*~*~ (stealth).
 18706 | Lair:5   | 18706 ||| Stepping ~*~*~tactically~*~*~ (stealth).
 18712 | Lair:5   | 18712 ||| SWAPPING to +0 eveningstar.
 18716 | Lair:5   | 18716 ||| SWAPPING to +2 spectral war axe.
 18726 | Lair:5   | Reached skill level 15 in Axes
 18732 | Lair:5   | 18732 ||| INVOKING Heroism.
 18848 | Lair:5   | 18848 ||| Stepping ~*~*~tactically~*~*~ (stealth).
 18850 | Lair:5   | 18850 ||| Stepping ~*~*~tactically~*~*~ (stealth).
 18852 | Lair:5   | 18852 ||| Stepping ~*~*~tactically~*~*~ (stealth).
 18854 | Lair:5   | 18854 ||| Stepping ~*~*~tactically~*~*~ (stealth).
 18856 | Lair:5   | 18856 ||| Stepping ~*~*~tactically~*~*~ (stealth).
 18872 | Lair:5   | Gained mutation: Your large and strong wings let you fly.
                  | [Gargoyle growth]
 18872 | Lair:5   | Reached XP level 14. HP: 80/91 MP: 21/21
 18874 | Lair:5   | 18874 ||| FLEEEEING.
 18875 | Lair:5   | 18875 ||| FLEEEEING.
 18876 | Lair:5   | 18876 ||| FLEEEEING.
 19008 | Lair:5   | Found a viscous altar of Jiyva.
 19012 | Lair:5   | Found a staircase to the Slime Pits.
 19053 | Lair:5   | 19053 ||| Stepping ~*~*~tactically~*~*~ (stealth).
 19261 | Lair:5   | Reached skill level 12 in Fighting
 19320 | Lair:5   | 19320 ||| Stepping ~*~*~tactically~*~*~ (stealth).
 19331 | Lair:5   | 19331 ||| INVOKING Heroism.
 19400 | Lair:5   | 19400 ||| Stepping ~*~*~tactically~*~*~ (stealth).
 19469 | Lair:5   | 19469 ||| Stepping ~*~*~tactically~*~*~ (stealth).
 19516 | Lair:5   | 19516 ||| Stepping ~*~*~tactically~*~*~ (stealth).
 19520 | Lair:5   | 19520 ||| Stepping ~*~*~tactically~*~*~ (stealth).
 19560 | Lair:5   | 19560 ||| Stepping ~*~*~tactically~*~*~ (hiding).
 19567 | Lair:5   | 19567 ||| INVOKING Heroism.
 19736 | Lair:5   | 19736 ||| INVOKING Heroism.
 19738 | Lair:5   | HP: 16/92 [small abomination (14)]
 19738 | Lair:5   | HP: 6/92 [smoke demon/divine providence (10)]
 19739 | Lair:5   | 19739 ||| READING 2 scrolls of teleportation.
 19739 | Lair:5   | Slain by a small abomination

Levels and vault maps discovered:
D:1:      dpeg_arrival_pond, layout_basic, dreamdust_ecumenical_altar_grove,
          minmay_pentomino_p2
D:2:      layout_basic
D:3:      layout_rooms, grunt_decor_clamped, kennysheep_generic_room_3,
          uniq_sigmund
D:4:      layout_loops_ring, nicolae_overflow_hidden_temple, serial_shops,
          nicolae_shop_rolled_up
D:5:      layout_rooms, nicolae_gozag_seed_capital, kennysheep_generic_room_7
D:6:      layout_basic, nicolae_tso_besieged_by_evil,
          mainiacjoe_overflow_tiny_flanked, nicolae_benzene_ring,
          dreamdust_wishing_well, dk_noncrumbling_2, uniq_duvessa,
          uniq_blork_the_orc, uniq_edmund, uniq_crazy_yiuf_cottage
D:7:      layout_loops_ring, grunt_temple_overflow_growth_and_decay,
          temple_green, hangedman_abyss_or_decor_stagger, minivault_4
D:8:      layout_basic, mainiacjoe_overflow_surrounded_room,
          due_lair_maze_entry_diamond
Temple:   compressed_dpeg_circular_temple
Lair:1:   kb_forest_paths, layout_concentric_octagons,
          infiniplex_staircase_pool_2, uniq_joseph
Lair:2:   layout_loops_ring, elwin_shoals_entry_rooms,
          gammafunk_ghost_necromancy, wad_woods_road_02, st_stairs_11
Lair:3:   layout_loops_ring, nicolae_spider_entry_orb_guardian,
          gauntlet_entry_generic
Lair:4:   layout_regular_city, nicolae_volcano_entry_batcave,
          beast_lair_carwin_2, serial_bayou_shore_b
Lair:5:   hellmonk_lair_end_abyssal_woods, layout_hall_layers,
          nicolae_slime_entry_slimehenge, nicolae_lair_liquid_snakes

Skill      XL: |  1  2  3  4  5  6  7  8  9 10 11 12 13 14 |
---------------+-------------------------------------------+-----
Axes           | 2 3 5 6 7 9 10 11 12 13 15 | 15.3
Throwing       | 1 3 4 5 |  5.7
Fighting       | 4 5 6 8 9 10 11 12 | 12.0
Dodging        | 1 2 3 |  3.0
Shields        | 4 5 6 7 |  7.3
Armour         | 5 6 7 8 |  8.0
Invocations    | 4 5 9 10 | 10.0

Action                     |  1- 3 |  4- 6 |  7- 9 | 10-12 | 13-15 || total
---------------------------+-------+-------+-------+-------+-------++-------
  Melee: War axe           |    77 |    80 |   236 |   367 |   251 ||  1011
         Headbutt          |       |       |    13 |    71 |    71 ||   155
         Morningstar       |       |       |       |     2 |       ||     2
         Eveningstar       |       |       |       |       |     8 ||     8
  Throw: Javelin           |    33 |    36 |    11 |    97 |    53 ||   230
         Boomerang         |       |       |    45 |    21 |    59 ||   125
 Invoke: Heroism           |       |       |       |    21 |    13 ||    34
         Finesse           |       |       |       |     1 |     1 ||     2
    Use: Scroll            |     3 |    16 |     6 |     9 |     2 ||    36
         Potion            |       |     1 |     4 |     1 |       ||     6
   Stab: Distracted        |       |       |     1 |     4 |     3 ||     8
 Armour: Scale mail        |    37 |    24 |    39 |       |       ||   100
         Chain mail        |       |       |    23 |       |       ||    23
         Plate armour      |       |       |    14 |    91 |       ||   105
         Skin              |       |       |       |     3 |    42 ||    45
  Dodge: Dodged            |    46 |    54 |   114 |   102 |   128 ||   444
  Block: Buckler           |    12 |    16 |    32 |    51 |    44 ||   155

Table legend:
 A = Non-vault XP
 B = Vault XP
 C = Vault XP percentage of total XP
 D = Non-vault monster count
 E = Vault monster count
 F = Vault count percentage of total count
                 A         B        C        D         E       F
            +---------+---------+-------+---------+---------+-------
      Total |   44657 |   17557 |  28.2 |     308 |      93 |  23.2
            +---------+---------+-------+---------+---------+-------
        D:1 |      33 |       2 |   5.7 |      18 |       1 |   5.3
        D:2 |      48 |       0 |   0.0 |      20 |       0 |   0.0
        D:3 |     117 |     214 |  64.7 |      26 |       1 |   3.7
        D:4 |     323 |       0 |   0.0 |      14 |       0 |   0.0
        D:5 |     845 |      13 |   1.5 |      19 |       1 |   5.0
        D:6 |    1395 |     535 |  27.7 |      34 |      19 |  35.8
        D:7 |     738 |       0 |   0.0 |      18 |       0 |   0.0
        D:8 |    1010 |    2042 |  66.9 |      22 |      12 |  35.3
     Lair:1 |    3634 |    5215 |  58.9 |      13 |      20 |  60.6
     Lair:2 |    5937 |    3099 |  34.3 |      26 |       8 |  23.5
     Lair:3 |    3570 |    1432 |  28.6 |      18 |       4 |  18.2
     Lair:4 |   11706 |     594 |   4.8 |      29 |       3 |   9.4
     Lair:5 |   15301 |    4411 |  22.4 |      51 |      24 |  32.0
            +---------+---------+-------+---------+---------+-------
